 Dungeon Crawl Stone Soup version 0.26-a0-664-gc8b27b8fc1 (webtiles) character file.

Game seed: 13970515012371700634

3460 Banto the Basher (level 10, -9/74 HPs)
             Began as a Human Gladiator on Oct 13, 2020.
             Was a Priest of Okawaru.
             Mangled by a two-headed ogre
             ... wielding a +0 giant club
              (23 damage)
             ... on level 9 of the Dungeon.
             The game lasted 00:11:46 (11915 turns).

Banto the Basher (Human Gladiator)                 Turns: 11915, Time: 00:11:47

Health: -9/74      AC: 16    Str: 14    XL:     10   Next: 26%
Magic:  15/15      EV:  8    Int: 10    God:    Okawaru [***...]
Gold:   413        SH:  0    Dex: 17    Spells: 9/9 levels left

rFire    . . .     SeeInvis +   f - +1 quarterstaff (vorpal)
rCold    + . .     Faith    .   (shield currently unavailable)
rNeg     . . .     Spirit   .   v - +2 chain mail {rC+}
rPois    .         Reflect  .   c - +1 helmet
rElec    .         Harm     .   x - +0 cloak
rCorr    .         Rampage  .   (no gloves)
MR       .....                  h - +0 pair of boots
Stlth    ..........             (no amulet)
HPRegen  0.22/turn              e - ring of see invisible
MPRegen  0.14/turn              y - ring of flight (curse)

@: no status effects
A: no striking features
a: Heroism, Renounce Religion, Evoke Flight


You were on level 9 of the Dungeon.
You worshipped Okawaru.
Okawaru was most pleased with you.
You visited 2 branches of the dungeon, and saw 10 of its levels.

You collected 548 gold pieces.
You spent 135 gold pieces at shops.

Inventory:

Hand Weapons
 a - a +1 flail
 f - a +1 vorpal quarterstaff (weapon)
Missiles
 d - 3 throwing nets
 i - 28 poisoned darts (quivered)
 t - 2 curare-tipped darts
Armour
 c - a +1 helmet (worn)
 h - a +0 pair of boots (worn)
 v - a +2 chain mail of cold resistance (worn)
 x - a +0 cloak (worn)
 B - a +1 ring mail of fire resistance
Jewellery
 e - a ring of see invisible (left hand)
 y - a cursed ring of flight (right hand)
Wands
 o - a wand of iceblast (8)
 q - a wand of polymorph (10)
 w - a wand of acid (3)
Scrolls
 b - 4 scrolls of blinking
 j - 3 scrolls of remove curse
 k - 3 scrolls of enchant weapon
 m - 6 scrolls of teleportation
 n - 3 scrolls of amnesia
Potions
 g - 3 potions of curing
 l - 2 potions of might
 p - 3 potions of flight
 r - 2 potions of stabbing
 s - a potion of lignification {unknown}
 u - 2 potions of ambrosia
 z - a potion of haste {unknown}


   Skills:
 - Level 5.0 Fighting
 - Level 10.0 Maces & Flails
 - Level 2.0 Throwing
 + Level 4.9 Armour
 - Level 5.0 Dodging
 - Level 7.0 Invocations


You had 9 spell levels left.
You didn't know any spells.
Your spell library contained the following spells:

 Spells                   Type           Power        Failure   Level
 Animate Skeleton         Necr           #.....       100%        1
 Pain                     Necr           #...         100%        1
 Vampiric Draining        Necr           #.........   100%        3
 Animate Dead             Necr           #.........   100%        4
 Agony                    Necr           #.......     100%        5


Dungeon Overview and Level Annotations

Branches:
Dungeon (9/15)             Temple (1/1) D:4
   Lair: D:8-11         Orc: D:9-12

Altars:
Ashenzari
Cheibriados
Dithmenos
Elyvilon
Fedhas
Gozag
Hepliaklqana
Kikubaaqudgha
Makhleb
Nemelex Xobeh
Okawaru
Qazlal
Ru
Sif Muna
Trog
Uskayaw
Vehumet
Wu Jian
Xom
Yredelemnul
Zin
The Shining One

Shops:
D:4 }   D:5 *   D:6 *


Message History

You hit the two-headed ogre but do no damage.
The two-headed ogre is moderately wounded.
You sock the two-headed ogre!
The two-headed ogre is heavily wounded.
The two-headed ogre hits you with a +0 giant club!!
The two-headed ogre barely misses you.
You take 25 damage, and have 26/74 hp.
MASSIVE DAMAGE!!
You are too injured to fight recklessly!
You are too injured to fight recklessly!
Evoke which item? (* to show all) (? for menu, Esc to quit)
Aiming: Corrosive Bolt
Press: ? - help, Shift-Dir - straight line, f/p - two-headed ogre
Aim: a two-headed ogre, wielding a +0 giant club and a +0 giant spiked club (heavily wounded)
The bolt of acid hits the two-headed ogre!
The two-headed ogre is splashed with acid.
The two-headed ogre is severely wounded.
The two-headed ogre hits you with a +0 giant club!
* * * LOW HITPOINT WARNING * * *
The two-headed ogre hits you with a +0 giant spiked club!!
You die...

##....####<(.........###..##
##..## #...(#.......#####
..# #....#####.....## ...
#...(.####......#
#....##.........#
####...).....#....##
...#..#####..####.#
.......##....######
##......@.........
.......O##........
.....##.............
.....###............
...................
..................#
..........###....#
.........|.# ..###
##.............#


You could see a two-headed ogre.

Vanquished Creatures
  Erica (D:8)
  Grinder (D:6)
  A wraith (D:8)
  Menkaure (D:6)
  A black bear (D:9)
  2 phantoms
  An ice beast (D:5)
  2 centaurs
  2 ogres
  2 bullfrogs (D:9)
  A big kobold (D:9)
  A wyvern zombie (D:5)
  A scorpion (D:6)
  6 killer bees
  A howler monkey (D:5)
  5 hounds
  A jelly (D:8)
  A gnoll shaman (D:6)
  2 bullfrog skeletons
  A centaur skeleton (D:6)
  Jessica (D:2)
  Ijyb (D:4)
  Terence (D:2)
  3 orc wizards
  5 worker ants
  2 hound skeletons
  Robin (D:2)
  A howler monkey skeleton (D:6)
  8 adders
  18 gnolls
  2 shadow imps
  2 white imps
  An ooze (D:1)
  An adder zombie (D:9)
  An adder skeleton (D:6)
  4 worms
  A dart slug (D:1)
  6 leopard geckos
  15 orcs
  10 giant cockroaches
  16 goblins
  9 hobgoblins
  16 jackals
  A quokka (D:4)
  A ball python (D:3)
  A ball python skeleton (D:3)
  8 bats
  5 frilled lizards
  16 kobolds
  7 rats
198 creatures vanquished.

Vanquished Creatures (others)
  5 plants (D:3)
5 creatures vanquished.

Grand Total: 203 creatures vanquished

Notes
Turn   | Place    | Note
-------+----------+-------------------------------------------
     0 | D:1      | Banto the Human Gladiator began the quest for the Orb.
     0 | D:1      | Reached XP level 1. HP: 16/16 MP: 1/1
   203 | D:1      | Reached XP level 2. HP: 22/22 MP: 2/2
   416 | D:1      | Reached skill level 4 in Maces & Flails
   416 | D:1      | Reached XP level 3. HP: 27/27 MP: 3/3
   912 | D:1      | Reached XP level 4. HP: 17/33 MP: 4/4
  1626 | D:2      | Noticed Terence
  1636 | D:2      | Killed Terence
  1636 | D:2      | Reached skill level 5 in Maces & Flails
  1913 | D:2      | Noticed Robin
  1938 | D:2      | Reached XP level 5. HP: 38/38 MP: 5/5
  1957 | D:2      | Killed Robin
  2328 | D:2      | Noticed Jessica
  2334 | D:2      | Killed Jessica
  2717 | D:2      | Reached skill level 6 in Maces & Flails
  3170 | D:3      | Reached XP level 6. HP: 42/44 MP: 6/6
  4073 | D:3      | Found a radiant altar of Vehumet.
  4162 | D:4      | Found a glowing silver altar of Zin.
  4250 | D:4      | Found Ceeqin's Gadget Boutique.
  4320 | D:4      | Found a basalt altar of Yredelemnul.
  4401 | D:4      | Found a glowing golden altar of the Shining One.
  4545 | D:4      | Found a staircase to the Ecumenical Temple.
  4618 | Temple   | Entered the Ecumenical Temple
  4851 | D:4      | Reached skill level 7 in Maces & Flails
  5297 | D:4      | Found a bloodstained altar of Trog.
  5363 | D:4      | Noticed Ijyb
  5365 | D:4      | Paralysed by Ijyb for 7 turns
  5377 | D:4      | Paralysed by Ijyb for 7 turns
  5400 | D:4      | Killed Ijyb
  5494 | D:4      | Reached XP level 7. HP: 50/50 MP: 7/7
  5517 | D:5      | Entered Level 5 of the Dungeon
  5538 | D:5      | Found Fawkint's Assorted Antiques.
  5546 | D:5      | Bought 2 scrolls labeled PUZO QOKHLU SIZ for 54 gold pieces
  5546 | D:5      | Bought a scroll labeled JUDEINL EG RICI for 27 gold pieces
  5546 | D:5      | Bought a scroll labeled ZOIRAC VOBOARA for 27 gold pieces
  5546 | D:5      | Bought a scroll labeled UVUODW CINT for 27 gold pieces
  5678 | D:5      | HP: 2/50 [wyvern zombie (4)]
  5681 | D:5      | Reached skill level 8 in Maces & Flails
  6147 | D:5      | Found an iron altar of Okawaru.
  6160 | D:5      | Became a worshipper of Warmaster Okawaru
  6593 | D:5      | Reached skill level 1 in Invocations
  6593 | D:5      | Reached XP level 8. HP: 56/56 MP: 7/9
  6710 | D:6      | Noticed Grinder
  6735 | D:6      | Killed Grinder
  6735 | D:6      | Reached skill level 9 in Maces & Flails
  6874 | D:6      | Reached * piety under Okawaru
  6957 | D:6      | Noticed Menkaure
  6977 | D:6      | Killed Menkaure
  7338 | D:6      | Found Sehibluh's Assorted Antiques.
  7695 | D:6      | Reached skill level 5 in Invocations
  7695 | D:6      | Reached XP level 9. HP: 60/61 MP: 12/12
  8307 | D:6      | Reached skill level 10 in Maces & Flails
  8509 | D:6      | Found an ornate altar of the Wu Jian Council.
  8644 | D:6      | Noticed a +0 hand axe
  8646 | D:6      | Noticed a +0 hand axe
  8657 | D:6      | Found a hide-covered altar of Uskayaw.
  8749 | D:6      | Found a white marble altar of Elyvilon.
  9172 | D:7      | Found a burning altar of Makhleb.
  9292 | D:7      | Found an ancient bone altar of Kikubaaqudgha.
  9294 | D:7      | Found a blossoming altar of Fedhas.
  9599 | D:8      | Found a shimmering blue altar of Sif Muna.
  9968 | D:8      | Reached skill level 1 in Armour
 10131 | D:8      | Reached ** piety under Okawaru
 10426 | D:8      | Noticed a two-headed ogre
 10777 | D:8      | Noticed Erica
 10791 | D:8      | Killed Erica
 11094 | D:9      | Noticed a two-headed ogre
 11105 | D:8      | Reached XP level 10. HP: 60/71 MP: 15/15
 11110 | D:8      | Reached *** piety under Okawaru
 11435 | D:8      | Reached skill level 5 in Dodging
 11712 | D:9      | Reached skill level 5 in Fighting
 11915 | D:9      | Mangled by a two-headed ogre

Illustrated notes

Levels and vault maps discovered:
D:1:      dpeg_arrival_lava_temple_mockup, layout_basic, hex_medium,
          minmay_nonomino_d4
D:2:      layout_loops_cross, uniq_jessica, uniq_robin, uniq_terence
D:3:      layout_basic, vehumet_crystals, serial_bayou, serial_bayou_crossing,
          serial_bayou_pond_c, serial_bayou_shore_b, serial_bayou_pond_d
D:4:      layout_gridville, bloody_trog, nicolae_overflow_crystal_walls,
          zin_statuary, kennysheep_little_box, minmay_temple_entry_glassed_door,
          serial_shops, nicolae_shop_crystal, uniq_ijyb
D:5:      layout_loops_cross, okawaru_metal_pillars_1_2, serial_shops, shop
D:6:      layout_layer_cave, elyvilon_altar_4, dancing_weapons_uskayaw,
          kennysheep_mini, serial_shops, shop, uniq_grinder, uniq_menkaure
D:7:      layout_basic, grunt_temple_overflow_growth_and_decay,
          kennysheep_mini_moat
D:8:      layout_basic, lemuel_crystal_altar, uniq_erica
D:9:      layout_cave_pools, dpeg_lair_monsters, serial_shops, shop
Temple:   chequers_temple_sunken

Skill      XL: |  1  2  3  4  5  6  7  8  9 10 |
---------------+-------------------------------+-----
Maces & Flails | 4 5 6 7 8 9 10 | 10.0
Invocations    | 1 5 7 |  7.0
Armour         | 3 4 |  4.9
Fighting       | 3 5 |  5.0
Dodging        | 4 5 |  5.0
Throwing       | |  2.0

Action                   |  1- 3 |  4- 6 |  7- 9 | 10-12 || total
-------------------------+-------+-------+-------+-------++-------
Melee: Flail             |    92 |   293 |    49 |       ||   434
       Unarmed           |       |     4 |       |       ||     4
       Quarterstaff      |       |       |   302 |   138 ||   440
Throw: Dart              |       |       |    22 |     8 ||    30
Evoke: Wand              |       |       |     1 |     1 ||     2
  Use: Scroll            |       |     8 |     9 |       ||    17
       Potion            |       |       |     1 |       ||     1
Armor: Leather armour    |    10 |       |       |       ||    10
       Ring mail         |    50 |   110 |       |       ||   160
       Chain mail        |       |     3 |   229 |   146 ||   378
Dodge: Dodged            |    99 |   234 |   143 |   100 ||   576

Table legend: (Time is in decaauts)
 A = Elapsed time spent in this place.
 B = Non-inter-level travel time spent in this place.
 C = Inter-level travel time spent in this place.
 D = Time resting spent in this place.
 E = Time spent auto-exploring this place.
 F = Levels seen in this place.
 G = Mean time per level.
                   A        B        C        D        E       F      G
               +--------+--------+--------+--------+--------+-----+--------+
         Total |  12021 |  11509 |    512 |   3014 |   6316 |  10 | 1202.1 |
       Dungeon |  11800 |  11303 |    497 |   3014 |   6111 |   9 | 1311.1 |
        Temple |    220 |    205 |     15 |      0 |    205 |   1 |  220.0 |
               +--------+--------+--------+--------+--------+-----+--------+

Top non-repeatable levels by time:
     D:6: 2077 daAuts
     D:8: 1700 daAuts
     D:2: 1531 daAuts
     D:5: 1475 daAuts
     D:1: 1432 daAuts
     D:3: 1216 daAuts
     D:4: 1212 daAuts
     D:7: 727 daAuts
     D:9: 426 daAuts
  Temple: 220 daAuts

Table legend:
 A = Kills in this place as a percentage of kills in entire the game.
 B = Kills by you in this place as a percentage of kills by you in the entire game.
 C = Kills by friends in this place as a percentage of kills by friends in the entire game.
 D = Other kills in this place as a percentage of other kills in the entire game.
 E = Experience gained in this place as a percentage of experience gained in the entire game.
 F = Experience gained in this place divided by the number of levels of this place that you have seen.
                   A       B       C       D       E      F
               +-------+-------+-------+-------+-------+----------------------
         Total | 100.0 | 100.0 |   N/A |   N/A | 100.0 | 494.4
       Dungeon | 100.0 | 100.0 |   N/A |   N/A | 100.0 | 549.3
               +-------+-------+-------+-------+-------+----------------------
